AoeStats
← Mjaguar

Arena

509664840Analyzed
2v2 RM · 4d ago on Sep 27, 2026· 56m 36s· 4 players
Game mode
Random Map
Map size
Medium (4 player)
Population
200
Speed
Normal
Resources
Standard
Victory
Conquest
Starting age
Dark Age
Ending age
Imperial Age
RankedLock teamsTeams togetherTeam positionsShared explorationLock speedFull tech treeHidden civsTurbo modeCheats
Victory
Defeat
🇧🇷 Khmer · Brazil
1040
+15
🇲🇽 Poles · Mexico
1005
+17
🇪🇸 Turks · Spain
1046
-17
🇪🇸 Aztecs · Spain
992
-15
Master Blaster
0:25 Loom
10:11 Feudal Age
10:57 Double-Bit Axe
15:34 Bloodlines
15:17 Gold Mining
15:31 Stone Mining
21:47 Castle Age
20:01 Arson
20:46 Man-at-Arms
21:53 Scale Mail Armor
22:04 Forging
21:45 Fletching
22:20 Horse Collar
23:32 Stone Shaft Mining
23:47 Wheelbarrow
22:37 Long Swordsman
24:25 Town Watch
24:49 Husbandry
24:10 Light Cavalry
26:52 Fervor
28:20 Hand Cart
28:38 Sanctity
29:16 Squires
30:24 Caravan
30:26 Bodkin Arrow
31:06 Iron Casting
30:37 Scale Barding Armor
31:35 Bow Saw
31:31 Heavy Plow
34:46 Imperial Age
33:08 Chain Mail Armor
32:16 Pikeman
33:33 Chain Barding Armor
33:54 Town Patrol
34:55 Ballistics
34:30 Murder Holes
34:46 Masonry
35:18 Szlachta Privileges
37:00 Crop Rotation
37:42 Chemistry
36:06 Capped Ram
36:17 Two-Handed Swordsman
37:20 Bracer
38:00 Crossbowman
39:40 Champion
42:25 Conscription
42:47 Plate Mail Armor
43:22 Blast Furnace
43:13 Block Printing
42:59 Devotion
42:58 Siege Ram
44:43 Hoardings
47:10 Winged Hussar
48:14 Cavalier
49:45 Lechitic Legacy
50:44 Onager
53:12 Padded Archer Armor
felipe
11:18 Feudal Age
14:56 Castle Age
12:55 Double-Bit Axe
15:07 Horse Collar
19:06 Loom
19:13 Stone Mining
20:33 Fletching
21:43 Bodkin Arrow
25:41 Murder Holes
26:49 Ballistics
27:23 Elite Skirmisher
31:06 Wheelbarrow
30:48 Heavy Plow
31:35 Padded Archer Armor
31:35 Town Watch
32:05 Hand Cart
33:45 Scale Barding Armor
34:11 Bow Saw
38:09 Imperial Age
36:12 Gold Mining
38:39 Forging
38:40 Elite Battle Elephant
39:42 Husbandry
39:58 Bloodlines
46:13 Crop Rotation
50:43 Light Cavalry
53:38 Chain Barding Armor
Mjaguar
10:27 Feudal Age
14:47 Castle Age
13:08 Double-Bit Axe
17:25 Padded Archer Armor
17:12 Horse Collar
18:27 Leather Archer Armor
18:03 Fletching
21:20 Loom
28:54 Bodkin Arrow
30:35 Scale Barding Armor
34:20 Imperial Age
33:00 Wheelbarrow
33:38 Bloodlines
34:31 Town Watch
35:01 Hand Cart
35:48 Husbandry
38:15 Chain Barding Armor
37:56 Bracer
38:09 Forging
41:04 Heavy Camel Rider
45:14 Artillery
KnGrathy
1:17 Loom
10:43 Feudal Age
11:32 Double-Bit Axe
16:45 Castle Age
14:49 Stone Mining
20:30 Bow Saw
20:02 Horse Collar
21:03 Gold Mining
25:06 Heavy Plow
25:50 Fervor
27:38 Murder Holes
28:59 Stone Shaft Mining
29:00 Ballistics
28:48 Fletching
29:00 Scale Mail Armor
30:12 Bodkin Arrow
30:43 Chain Mail Armor
32:13 Forging
33:28 Squires
33:14 Gambesons
34:21 Iron Casting
36:34 Padded Archer Armor
37:50 Redemption
41:25 Imperial Age
39:32 Wheelbarrow
42:46 Hand Cart
43:36 Blast Furnace
43:06 Plate Mail Armor
43:02 Bracer
42:54 Elite Jaguar Warrior
45:27 Town Watch
47:56 Chemistry
47:55 Town Patrol
55:58 Garland Wars
Connection lost

Rejoining the realm…

Still unreachable

The connection could not be restored.

Session expired

The server has moved on; the page needs a fresh start.